 Dungeon Crawl Stone Soup version 0.30.0-5-g1a98f26d00 (webtiles) character file.

Game seed: 762848884310766467

841 avis the Insei (level 8, 0/60 HPs)
             Began as a Merfolk Transmuter on May 13, 2023.
             Succumbed to a scorpion's poison
             ... on level 5 of the Dungeon.
             The game lasted 00:30:42 (6157 turns).

avis the Insei (Merfolk Transmuter)                 Turns: 6157, Time: 00:30:43

Health: 0/60       AC:  2    Str: 12    XL:     8   Next: 0%
Magic:  12/14      EV: 22    Int: 13    God:
Gold:   321        SH:  0    Dex: 19    Spells: 3/15 levels left

rFire   . .          .
                       - Unarmed
rCold   . . .        (shield currently unavailable)
rNeg    . . .        t - melded +0 robe
rPois   x            (helmet currently unavailable)
rElec   .            h - melded +0 cloak
rCorr   .            (gloves currently unavailable)
SInv    .            (boots currently unavailable)
Will    .....        (no amulet)
Stlth   ++           (no ring)
HPRegen 0.30/turn    (no ring)
MPRegen 0.14/turn

%: no passive effects
@: lethally poisoned (0 -> -32), spider-form (expiring)
A: venomous fangs, tiny, (nimble swimmer 2), (mertail)
a: End Transformation


You were on level 5 of the Dungeon.
You were a venomous arachnid creature.
You visited 1 branch of the dungeon, and saw 5 of its levels.

You collected 321 gold pieces.

Inventory:

Hand Weapons
 y - a +0 dagger of speed
 B - a +1 spear of venom
Missiles
 x - 7 poisoned darts
Armour
 h - a +0 cloak (melded)
 i - the +2 ring mail of Past Mistakes {-Cast rF+ rCorr}
   (You found it on level 2 of the Dungeon)

   rF:        It protects you from fire.
   -Cast:     It prevents spellcasting.
   rCorr:     It protects you from acid and corrosion.
 t - a +0 robe (melded)
 w - a scarf of resistance
Magical Staves
 a - a staff of poison
 n - a staff of death
Jewellery
 k - a ring of see invisible
Wands
 A - a wand of flame (13)
Scrolls
 c - 2 scrolls of immolation {unknown}
 d - a scroll of poison {unknown}
 f - 2 scrolls of noise {unknown}
 g - 2 scrolls of fear {unknown}
 j - a scroll of blinking {unknown}
 l - a scroll of enchant armour {unknown}
 m - a scroll of magic mapping {unknown}
 o - 3 scrolls of teleportation {unknown}
 r - a scroll of enchant weapon {unknown}
 u - a scroll of fog {unknown}
Potions
 b - a potion of lignification
 e - 2 potions of invisibility {unknown}
 p - a potion of cancellation {unknown}
 q - a potion of haste {unknown}
 s - a potion of mutation {unknown}
 v - a potion of berserk rage {unknown}
 z - a potion of heal wounds {unknown}


   Skills:
 - Level 4.0 Fighting
 * Level 4.1 Dodging
 - Level 1.0 Stealth
 - Level 6.0 Unarmed Combat
 - Level 4.0 Spellcasting
 - Level 2.0 Translocations
 - Level 5.0 Transmutations
 - Level 1.0 Poison Magic


You had 3 spell levels left.
You knew the following spells:

 Your Spells              Type           Power      Damage    Failure   Level
a - Beastly Appendage     Tmut           30%        N/A       10%         1
b - Blink                 Tloc           14%        N/A       32%         2
e - Wereblood             Tmut           15%        N/A       13%         2
p - Spider Form           Tmut/Pois      10%        N/A       38%         3
q - Ice Form              Ice/Tmut       9%         N/A       78%         4

Your spell library contained the following spells:

 Spells                   Type           Power      Damage    Failure   Level
 Lesser Beckoning         Tloc           14%        N/A       32%         2
 Momentum Strike          Conj/Tloc      10%        3d8       41%         2
 Cigotuvi's Dreadful Rot  Necr/Pois/Air  6%         N/A       50%         2
 Dispel Undead            Necr           2%         3d7       97%         4
 Death Channel            Necr           1%         N/A       100%        6


Dungeon Overview and Level Annotations

Branches:
Dungeon (5/15)
 Temple: D:4-7

Altars:
Fedhas
Hepliaklqana
Kikubaaqudgha
Makhleb
Qazlal
Sif Muna


Innate Abilities, Weirdness & Mutations

You are a venomous arachnid creature.
You have venomous fangs.
You are tiny and dextrous.
Your spellcasting is less reliable in this form.
Your armour is entirely melded.
You are incapable of wielding weapons or throwing items.
((You are very nimble when in or above water. (Stealth+, EV+, Speed+++)))
((Your lower body shifts to a powerful aquatic tail in water.))


Message History

The howler monkey completely misses you.
You barely miss the howler monkey.
You feel sick.
You are no longer poisoned.
The howler monkey misses you.
You hit the howler monkey but do no damage.
The howler monkey is poisoned.
A scorpion comes into view.
The howler monkey misses you.
You barely miss the howler monkey.
The howler monkey is lightly wounded.
The scorpion closely misses you.
The howler monkey hoots and howls with incredible vigour!
The scorpion attacks as you move away! The scorpion closely misses you.
The howler monkey attacks as you move away!
The howler monkey misses you. The scorpion stings you.
You are poisoned.
The scorpion poisons you!
You hit the scorpion.
The scorpion is poisoned.
The scorpion is lightly wounded.
You feel very sick. The scorpion stings you.
You are lethally poisoned!
The scorpion poisons you!
You hit the scorpion but do no damage.
The scorpion is severely wounded.
* * * LOW HITPOINT WARNING * * *
You feel extremely sick.
You kill the scorpion!
Your Dodging skill increases to level 4!
You have reached level 8!
Okay, then.
You hit the howler monkey.
The howler monkey is moderately wounded.
* * * LOW HITPOINT WARNING * * *
You feel extremely sick. The howler monkey closely misses you.
You bite the howler monkey!
The howler monkey looks as sick as possible!
The howler monkey is almost dead.
You die...

#.....##.####.# ##.###.#
##...###.)....# #...#.#. ##.##
######## ## #.#..### #.# #.#
#...#.#. #.# #.# ######.# #.#
#.#. ### #.# ##.#.# #.#
##h#.### #.# ##s#.##.##
#.##########.#.##.#.##
#.#......##.#.##.#†#.##
###.#.######.#.##.#.#.#.##
#......####.#.##.#..##.#.##
##..<......##.#.##.#..##.#.##
........#...##.#.##.#..##.#.##
##......##.#.##.#.##..#.##.#.##
#.#.#..###.#.##.#.##).#.##.#.#


You could see a howler monkey (extremely poisoned).

Vanquished Creatures
  A water moccasin (D:5)
  A black bear (D:4)
  2 phantoms
  2 scorpions (D:5)
  A hound (D:4)
  3 iguanas
  3 orc wizards (D:5)
  Terence (D:2)
  A gnoll (D:5)
  9 adders
  A shadow imp (D:5)
  A white imp (D:3)
  2 worms (D:3)
  A dart slug (D:1)
  8 orcs
  5 ball pythons
  7 endoplasms
  2 giant cockroaches
  5 hobgoblins
  A quokka (D:1)
  2 frilled lizards
  5 goblins
  7 kobolds
  8 rats
79 creatures vanquished.

Notes
Turn   | Place    | Note
-------+----------+-------------------------------------------
     0 | D:1      | avis the Merfolk Transmuter began the quest for the Orb.
     0 | D:1      | Reached XP level 1. HP: 15/15 MP: 3/3
   276 | D:1      | Reached XP level 2. HP: 19/22 MP: 3/5
   296 | D:1      | Learned a level 2 spell: Wereblood
  1007 | D:1      | Reached skill level 4 in Unarmed Combat
  1229 | D:2      | Identified the +2 ring mail of Past Mistakes {-Cast rF+
                  | rCorr}
  1464 | D:2      | Reached XP level 3. HP: 27/27 MP: 3/6
  1470 | D:1      | Learned a level 3 spell: Spider Form
  1601 | D:2      | Reached skill level 1 in Stealth
  1839 | D:2      | Noticed Terence
  1847 | D:2      | Reached skill level 1 in Poison Magic
  1873 | D:2      | Killed Terence
  1874 | D:2      | Reached XP level 4. HP: 13/33 MP: 4/7
  3274 | D:3      | Reached XP level 5. HP: 36/41 MP: 1/8
  3359 | D:3      | Found an ancient bone altar of Kikubaaqudgha.
  3371 | D:3      | Found a stormy altar of Qazlal.
  3374 | D:3      | Found a hazy altar of Hepliaklqana.
  3374 | D:3      | Found a shimmering blue altar of Sif Muna.
  3380 | D:3      | Found a blossoming altar of Fedhas.
  3664 | D:3      | Found a burning altar of Makhleb.
  4284 | D:4      | Noticed a black bear
  4368 | D:4      | Killed a black bear
  4369 | D:4      | Reached XP level 6. HP: 34/48 MP: 6/11
  4436 | D:3      | Learned a level 4 spell: Ice Form
  4640 | D:4      | Learned a level 2 spell: Blink
  5007 | D:5      | Entered Level 5 of the Dungeon
  5163 | D:5      | Noticed an ice beast
  5254 | D:5      | Reached skill level 1 in Translocations
  5599 | D:4      | Reached XP level 7. HP: 50/54 MP: 10/13
  5651 | D:5      | Reached skill level 5 in Unarmed Combat
  5898 | D:5      | Reached skill level 6 in Unarmed Combat
  5995 | D:5      | Reached skill level 5 in Transmutations
  6156 | D:5      | Reached XP level 8. HP: 14/60 MP: 12/14
  6157 | D:5      | Succumbed to a scorpion's poison

Illustrated notes

Levels and vault maps discovered:
D:1:      minmay_arrival_checkered_box, layout_basic
D:2:      layout_basic, uniq_terence
D:3:      layout_basic, lightli_temple_of_fire,
          nicolae_overflow_hallway_of_the_gods
D:4:      layout_rooms, kennysheep_generic_room_12
D:5:      minmay_inner_zag, layout_loops_corners, serial_shops, shop

Skill      XL: |  1  2  3  4  5  6  7 |
---------------+----------------------+-----
Fighting       | 2 3 4 |  4.0
Unarmed Combat | 4 6 |  6.0
Dodging        | 3 4 |  4.1
Stealth        | 1 |  1.0
Transmutations | 4 5 |  5.0
Poison Magic   | 1 |  1.0
Spellcasting   | 3 4 |  4.0
Translocations | 2 |  2.0

Action                     |  1- 3 |  4- 6 |  7- 9 || total
---------------------------+-------+-------+-------++-------
  Melee: Unarmed           |    85 |   129 |    51 ||   265
         Headbutt          |    11 |     1 |       ||    12
         Punch             |     2 |       |       ||     2
   Cast: Beastly Appendage |    30 |     8 |       ||    38
         Spider Form       |     4 |    33 |     8 ||    45
Ability: End Transformatio |     1 |     1 |       ||     2
    Use: Potion            |       |       |     1 ||     1
   Stab: Sleeping          |       |     3 |     1 ||     4
 Armour: Robe              |     7 |     8 |     1 ||    16
         Skin              |       |     6 |     1 ||     7
  Dodge: Dodged            |    36 |    73 |    36 ||   145
